 Dungeon Crawl Stone Soup version 0.27.1-33-g824d729ab1 (webtiles) character file.

Game seed: 5272876169198622383

135 pkoi the Ruffian (level 4, -14/36 HPs)
             Began as a Draconian Gladiator on Nov 30, 2021.
             Demolished by Menkaure (18 damage)
             ... on level 4 of the Dungeon.
             The game lasted 00:03:01 (3685 turns).

pkoi the Ruffian (Draconian Gladiator)              Turns: 3685, Time: 00:03:01

Health: -14/36     AC:  7    Str: 16    XL:     4   Next: 97%
Magic:  4/4        EV: 12    Int:  9    God:
Gold:   143        SH:  0    Dex: 13    Spells: 3/3 levels left

rFire    . . .     SeeInvis .     - Unarmed
rCold    . . .     Faith    .   (no shield)
rNeg     . . .     Spirit   .   (armour unavailable)
rPois    .         Reflect  .   a - +0 hat
rElec    .         Harm     .   k - +0 cloak
rCorr    .         Rampage  .   c - +0 pair of gloves
Will     +....                  (no boots)
Stlth    +.........             (no amulet)
HPRegen  0.12/turn              l - ring of willpower
MPRegen  0.09/turn              (no ring)

@: about to teleport, hasted, very quick
A: AC +5, unfitting armour, cold-blooded
a: no special abilities


You were on level 4 of the Dungeon.
You visited 1 branch of the dungeon, and saw 4 of its levels.

You collected 143 gold pieces.

Inventory:

Missiles
 b - 3 throwing nets (quivered)
 j - 7 poisoned darts
Armour
 a - a +0 hat (worn)
 c - a +0 pair of gloves (worn)
 g - a +0 kite shield
 k - a +0 cloak (worn)
Jewellery
 l - a ring of willpower (left hand)
Scrolls
 i - a scroll of silence
Potions
 d - a potion of brilliance
 e - 3 potions of curing


   Skills:
 - Level 2.1 Fighting
 - Level 1.7 Throwing
 - Level 2.6 Dodging
 - Level 1.2 Shields
 * Level 5.5 Unarmed Combat


You had 3 spell levels left.
You didn't know any spells.
Your spell library contained the following spells:

 Spells                   Type           Power      Damage    Failure   Level
 Animate Skeleton         Necr           0%         N/A       38%         1
 Freeze                   Ice            0%         1d3       38%         1
 Pain                     Necr           0%         1d4       38%         1
 Static Discharge         Conj/Air       0%         N/A       52%         2
 Frozen Ramparts          Ice            0%         1d2       77%         3
 Vampiric Draining        Necr           0%         2d6       77%         3
 Dispel Undead            Necr           0%         3d6       99%         4
 Hailstorm                Conj/Ice       0%         3d3       99%         4
 Sticky Flame             Conj/Fire      0%         2d3       99%         4


Dungeon Overview and Level Annotations

Branches:
Dungeon (4/15)
 Temple: D:4-7

Altars:

Annotations:
D:4 Menkaure


Innate Abilities, Weirdness & Mutations

Your plain brown scales are hard. (AC +5)
You cannot fit into any form of body armour.
You are cold-blooded and may be slowed by cold attacks.


Message History

You tail-slap Menkaure, but do no damage.
Menkaure points at you and mumbles some strange words.
You resist with some effort.
You hit Menkaure.
Menkaure is lightly damaged.
Menkaure closely misses you.
The kobold throws a stone.
The stone hits you but does no damage.
You hit Menkaure.
You tail-slap Menkaure, but do no damage.
Menkaure is moderately damaged.
The iguana bites you! Menkaure barely misses you.
You hit Menkaure but do no damage. You tail-slap Menkaure.
Menkaure is heavily damaged.
The kobold throws a stone.
The stone misses you.
The stone hits the iguana but does no damage.
You barely miss Menkaure. You tail-slap Menkaure.
Menkaure is heavily damaged.
Menkaure hits you but does no damage.
The iguana bites you but does no damage.
The kobold throws a stone.
The stone closely misses you.
The stone barely misses the iguana.
You barely miss Menkaure.
Menkaure is heavily damaged.
Menkaure breathes soot at you.
Menkaure calls on the powers of darkness!
The iguana convulses!
Your body is wracked with pain!
* * * LOW HITPOINT WARNING * * *
You hit Menkaure but do no damage.
Menkaure is heavily damaged.
The iguana bites you!
* * * LOW HITPOINT WARNING * * *
Menkaure misses you.
You hit Menkaure.
Menkaure is severely damaged.
The iguana misses you.
The kobold throws a stone.
The stone closely misses you.
The stone hits the iguana but does no damage.
As you read the scroll of teleportation, it crumbles to dust.
You feel strangely unstable. Menkaure hits you!!
Ouch! That really hurt!
You die...

#... ... .## #.. ..##.
... #.. ..... ....
..##...##. ....
#..#.(....
.....#..M.....#
.....#.@l# .. ........##
##.### #.......###
......
..........###........##.
##K...#.................
......##................
...... ##...............
...$.# #...............
....# ###.............


You could see Menkaure (fast), an iguana and a kobold.

Vanquished Creatures
  A jelly (D:4)
  A howler monkey zombie (D:4)
  4 adders
  3 dart slugs
  An orc (D:3)
  5 endoplasms
  2 giant cockroaches
  5 goblins
  4 hobgoblins
  2 quokkas
  2 ball pythons
  3 bats
  4 frilled lizards
  9 kobolds
  6 rats
  A bush (D:1)
53 creatures vanquished.

Vanquished Creatures (others)
  4 plants (D:1)
4 creatures vanquished.

Grand Total: 57 creatures vanquished

Notes
Turn   | Place    | Note
-------+----------+-------------------------------------------
     0 | D:1      | pkoi the Draconian Gladiator began the quest for the Orb.
     0 | D:1      | Reached XP level 1. HP: 17/17 MP: 1/1
   170 | D:1      | Reached XP level 2. HP: 9/24 MP: 2/2
   731 | D:1      | Reached skill level 4 in Unarmed Combat
  1394 | D:2      | Reached XP level 3. HP: 29/29 MP: 3/3
  2212 | D:3      | Reached skill level 1 in Shields
  2867 | D:3      | Reached XP level 4. HP: 36/36 MP: 4/4
  3482 | D:4      | Reached skill level 5 in Unarmed Combat
  3672 | D:4      | Noticed Menkaure
  3685 | D:4      | Demolished by Menkaure

Illustrated notes

Levels and vault maps discovered:
D:1:      dpeg_arrival_fog, layout_loops_ring, serial_forest,
          infiniplex_forest_clump_curved, infiniplex_forest_corner_2,
          infiniplex_forest_clump_long, infiniplex_forest_straight_4,
          infiniplex_forest_clump_tiny, infiniplex_forest_lined_corner,
          infiniplex_forest_clump_curved, chequers_serial_rivers_micro_d
D:2:      layout_loops_ring, minmay_heptomino_h4
D:3:      layout_basic, kennysheep_generic_room_7
D:4:      layout_cave_pools, minmay_misc_feat_x, minmay_crystal_water,
          corexii_checkpoint_a, uniq_menkaure

Skill      XL: |  1  2  3  4 |
---------------+-------------+-----
Unarmed Combat | 4 5 |  5.5
Shields        | 1 |  1.2
Fighting       | |  2.1
Throwing       | |  1.7
Dodging        | |  2.6

Action                   |  1- 3 |  4- 6 || total
-------------------------+-------+-------++-------
Melee: Unarmed           |   251 |    53 ||   304
       Tailslap          |    45 |     8 ||    53
       Punch             |     9 |       ||     9
  Use: Potion            |     4 |     1 ||     5
       Scroll            |     3 |     2 ||     5
 Stab: Sleeping          |     4 |       ||     4
Armor: Skin              |    42 |    30 ||    72
Dodge: Dodged            |    84 |    38 ||   122
